woodfighter, lawful female human Monk -------------------------------------------------------------------------- |........|............................................[.....))...........| |........|.................................................------------..| -------|--.................................................|....(.....|..| |........}}}}}}}..................).}}}}}}}...).....)|.......(..|..| |........}-----}...................m}-----}[.)).)....--|--|--...|..| ---........}| |}}}}}}}}}}}}}}}}}}}}}}|H**|}..[[[.)..).......|...|..| |..........}-- ------------------------@---}.H...............|...|..| |........[.}} | |(.......%T|}}}.H...............-...|..| -------......[... ........sh|}......))[..........|...|..| |...).|[..(...... |.(....%.%%-}...................|...|..| |..[..-[.......}} | |....Y....i|}}}.....()).........-...|..| |.....|[.).[)[.}-- ----------------------------}...).)...........|...|..| |..[[)|.....)).}| |}}}}}}}}}}}}}}}}}}}}}}|ooo|})[))[............|...|..| |..-)----.....)}-----}.)..................}-----}.)[.......--|--|--...|..| |..|....|....[)}}}}}}}...)....)..........h}}}}}}}..........|..........|..| |..|..^.|.....[....).....)......).........)....)...[.......|.(........|..| -----------.....[..[).....................)N.).)).........)------------..| |.....%.........)...............(.....)........................| ---------------------------------------------------------------- woodfighter the Student of Stones Experience level: 12 Strength: 18/11 Dexterity: 18 Constitution: 16 Intelligence: 9 Wisdom: 10 Charisma: 9 Health: 0(76) Energy: 71(71) Def: 16 Gold: 0 Moves: 10692 Dungeon seed: 953FFuj4gAagnxim Game ID: woodfighter_1533492281 Your Inventory: Amulets C - an uncursed amulet of flying F - an uncursed amulet of reflection (being worn) Weapons M - 2 +1 elven spears U - 3 blessed +2 elven spears (in quiver) Armor e - an uncursed +0 pair of leather gloves n - an uncursed +1 robe (being worn) v - a blessed +4 pair of speed boots (being worn) z - an uncursed +0 orcish helm (being worn) B - a blessed +2 pair of leather gloves (being worn) Comestibles a - 2 uncursed bananas p - an uncursed apple D - 4 uncursed magic beans E - 2 uncursed pears J - 5 uncursed food rations R - 7 uncursed oranges Z - an uncursed lizard corpse Scrolls w - a cursed scroll of teleportation x - 3 uncursed scrolls of teleportation Rings H - a blessed +2 ring of increase damage (on left hand) K - an uncursed +1 ring of protection (on right hand) Wands d - a wand of fire (0:2) f - a wand of digging (0:3) g - a wand of magic missile (0:5) h - a wand of death (0:5) j - a wand of sleep (0:3) I - a wand of digging (0:8) L - a wand of lightning (0:8) N - a wand of striking (0:5) Tools b - an uncursed stethoscope k - an uncursed bugle q - a +0 unicorn horn s - a blessed bag of holding u - an uncursed magic lamp (lit) y - an uncursed skeleton key S - the blessed Orb of Detection (0:2) W - an uncursed blindfold Gems r - 2 uncursed rubies Y - a blessed luckstone Contents of the bag of holding: 124 gold pieces a blessed +0 mummy wrapping 2 uncursed eucalyptus leaves an uncursed lizard corpse 3 uncursed sprigs of wolfsbane a [uncursed] potion of extra healing a [uncursed] potion of healing a [uncursed] potion of speed an uncursed [+0] pick-axe Spells and supernatural/magical abilities: Name Level Category Fail Memory k - knock 1 matter 0% 88% p - protection 1 clerical 0% 47% W - pray for help -- divine ? -- Your skills at the end: Miscellaneous Skills martial arts [Grand Master] wands [Basic] Weapon Skills shuriken [Basic] Spellcasting Skills healing spells [Basic] Final Attributes: You were fervently aligned. You were fire resistant. You were sleep resistant. You were poison resistant. You were magic-protected. Your writing hand was ok. You saw invisible. You were telepathic. You were warned. You had automatic searching. You were invisible to others. You were stealthy. You had a +2 damage bonus. You were protected. You were very fast. You had reflection. You were lucky. You had extra luck. Good luck did not time out for you. You are dead. Vanquished creatures: Croesus a black dragon a young yellow dragon a nurse a black pudding a ghost 3 lieutenants 2 winged gargoyles 2 giant mimics a fire giant an ogre king an Elvenking 3 ice trolls a rock troll a doppelganger 2 large mimics 2 stalkers a fire elemental 6 hill giants a black naga an elf-lord a giant zombie 12 sergeants 2 wargs a winter wolf 2 quantum mechanics 2 ettin mummies 6 trolls 2 pyrolisks 2 large dogs a freezing sphere a large cat an ochre jelly a leocrotta a mountain centaur an ettin zombie a leather golem 69 soldiers 2 incubi a giant beetle a cockatrice 4 wolves a winter wolf cub 2 black lights a panther a gremlin 14 leprechauns 2 quivering blobs 2 lizards an orc-captain 2 mumakil 2 giant spiders a scorpion an iron piercer a horse an ice vortex 2 forest centaurs 3 gnome kings an orc mummy 2 dwarf mummies 2 ogres a Green-elf an owlbear 3 yetis 2 gold golems 4 giant eels a dog a jaguar a blue jelly a water nymph a black unicorn 2 ravens 3 plains centaurs a Woodland-elf a snake 9 apes 5 human zombies 2 soldier ants 4 fire ants 2 yellow lights 19 bugbears 2 wood nymphs 16 Mordor orcs an Uruk-hai 17 orc shamans 2 rock moles 2 ponies 6 fog clouds 3 shriekers 2 violet fungi 20 gnome lords 7 gnomish wizards a kobold mummy a red naga hatchling a guardian naga hatchling 4 gray oozes 2 paper golems 4 jellyfish 8 giant ants 2 puppies 4 floating eyes 3 kittens 6 dwarves 3 homunculi a quasit 4 kobold lords 4 iguanas 28 hill orcs 8 rothes a rabid rat 2 centipedes 2 jitterbugs 3 giant bats a monkey 5 dwarf zombies a wererat 2 werejackals 16 killer bees 3 coyotes 3 gas spores 2 hobbits 8 acid blobs 3 large kobolds 5 geckos 17 hobgoblins 9 giant rats 3 cave spiders 2 brown molds 3 yellow molds 2 green molds 60 gnomes 24 garter snakes 2 gnome zombies 6 jackals a fox 4 kobolds 4 newts 9 goblins a sewer rat 9 grid bugs a bat 7 lichens 3 kobold zombies 640 creatures vanquished. Genocided species: island nymphs 1 species genocided. Voluntary challenges: You were vegetarian. You did not cause conflict. You were not invisible. You did not have reflection until turn 5687. You were not displaced. You had been an atheist until turn 2657. You never hit with a wielded weapon. You did not use plumbed fixtures. You read items or engraved 17 times, starting on turn 1344. You genocided 1 type of monster, starting on turn 8442. You polymorphed 1 item, starting on turn 8128. You never changed form. You completed Sokoban on turn 5554, according to the rules. You used 1 wish, starting on turn 3574. You wished for your your first artifact on turn 3574. You never split a pudding. You never wrote Elbereth's name. You never violated your personal moral code. Dungeon overview: The Dungeons of Doom: levels 1 to 15 Level 1 a long staircase Level 2 a fountain Level 3 a general store Level 4 (stash) a general store stairs to The Gnomish Mines Level 5 a general store, a fountain, a sink Level 6 a fountain Level 7 a fountain Level 8 Level 9 many fountains Level 10 (throne + vault) a fountain stairs to Sokoban Level 11 Level 12 a weapon shop, a fountain Level 13 an altar to Huan Ti Level 14 a fountain portal to Fort Ludios Level 15 The Gnomish Mines: levels 5 to 13 Level 5 stairs to The Dungeons of Doom Level 6 (white unicorn) Level 7 many shops, a temple to Shan Lai Ching, a magic chest, some trees Level 8 Level 9 Level 10 Level 11 Level 12 Level 13 many altars to Moloch, a magic chest, some fountains Sokoban: levels 6 to 9 Level 6 a magic chest Level 7 Level 8 Level 9 an altar to Chih Sung-tzu, a magic chest stairs to The Dungeons of Doom Fort Ludios: Level 1 <- You were here a magic chest, a throne portal to The Dungeons of Doom History has recorded: On T:1 you entered the Dungeons of Doom to retrieve the Amulet of Yendor! On T:13 you reached level 2 of The Dungeons of Doom. On T:434 you advanced to experience level 2. On T:474 you reached level 3 of The Dungeons of Doom. On T:555 you reached level 4 of The Dungeons of Doom. On T:823 you advanced to experience level 3. On T:847 you reached level 5 of The Dungeons of Doom. On T:930 you advanced to experience level 4. On T:1026 you reached level 1 of The Gnomish Mines. On T:1254 you reached level 6 of The Dungeons of Doom. On T:1418 you advanced to experience level 5. On T:1576 you reached level 7 of The Dungeons of Doom. On T:1581 you reached level 9 of The Dungeons of Doom. On T:1583 you reached level 8 of The Dungeons of Doom. On T:1691 you advanced to experience level 6. On T:2214 you reached level 10 of The Dungeons of Doom. On T:2347 you advanced to experience level 7. On T:2657 you prayed to Shan Lai Ching. On T:2978 you advanced to experience level 8. On T:3033 you reached level 11 of The Dungeons of Doom. On T:3574 you wished for "the blessed fixed orb of detection". On T:3594 you reached level 2 of The Gnomish Mines. On T:4552 you reached level 4 of Sokoban. On T:4590 you opened a magic chest. On T:4731 you reached level 3 of Sokoban. On T:4832 you reached level 2 of Sokoban. On T:5066 you reached level 1 of Sokoban. On T:5554 you advanced to experience level 9. On T:5554 you entered the Sokoban zoo. On T:6047 you reached level 3 of The Gnomish Mines. On T:6069 you reached level 4 of The Gnomish Mines. On T:6183 you entered the Minetown temple On T:6588 you reached level 5 of The Gnomish Mines. On T:6638 you reached level 6 of The Gnomish Mines. On T:6971 you reached level 7 of The Gnomish Mines. On T:7066 you reached level 8 of The Gnomish Mines. On T:7134 you advanced to experience level 10. On T:7267 you reached level 9 of The Gnomish Mines. On T:7267 you reached the bottom of the Mines. On T:8696 you reached level 12 of The Dungeons of Doom. On T:8859 you reached level 13 of The Dungeons of Doom. On T:8935 you reached level 14 of The Dungeons of Doom. On T:9336 you reached level 15 of The Dungeons of Doom. On T:9370 you reached Fort Ludios. On T:9518 you advanced to experience level 11. On T:9737 you advanced to experience level 12. On T:10639 you killed Croesus in Fort Ludios. Score breakdown: Gold: 124 ( 12 points) Experience: 12 levels ( 1100 points) Exploration: 19 levels ( 540 points) Discoveries: 54 items ( 2000 points) Variety of kills: 143 monsters ( 2000 points) Major goal: Sokoban/Mines ( 1500 points) Survival: died (score multiplied by 3) Total score: 21456 Latest messages: The ice troll zaps himself with a wand of speed monster! The ice troll is suddenly moving faster. The troll picks up a lizard corpse. You strike the troll! You kill the troll! The ice troll zaps a wand of speed monster! The bugbear is suddenly moving faster. You strike the ice troll! You kill the ice troll! You kill the wood nymph! The troll rises from the dead! You strike the troll! The troll claws you! (2x) The troll bites! You kill the troll! The troll rises from the dead! Status of the troll (chaotic): Level 9 HP 49(49) Def 6. You strike the troll! The troll claws you! (2x) The troll bites! You die... Final status: Goodbye woodfighter the Monk, killed by a troll... You died in Fort Ludios with 21456 points, and 124 pieces of gold, after 10692 moves. You were level 12 with a maximum of 76 hit points when you died.